 Dungeon Crawl Stone Soup version bcrawl-1.21.3-2-g9d8a61a446 (webtiles) character file.

Game seed: 14799848461994025878

659 funkygono the Magician (level 7, -9/42 HPs)
             Began as a Gargoyle Reaver on Apr 17, 2020.
             Was a Believer of Vehumet.
             Mangled by a hell rat (13 damage)
             ... on level 5 of the Dungeon.
             The game lasted 00:11:26 (4290 turns).

funkygono the Magician (Gargoyle Reaver)            Turns: 4290, Time: 00:11:27

Health: -9/42      AC: 10    Str: 16    XL:     7   Next: 55%
Magic:  7/13       EV: 13    Int: 20    God:    Vehumet [**....]
Gold:   260        SH:  0    Dex: 13    Spells: 11/14 levels left

rFire    . . .     SeeInvis .   a - +0 flail
rCold    . . .     Gourm    .   (no shield)
rNeg     + . .     Faith    .   u - +3 leather armour
rPois    ∞         Spirit   .   (no helmet)
rElec    +         Reflect  .   i - scarf {cloud immunity}
rCorr    .         Harm     .   (no gloves)
MR       +....                  (no boots)
Stlth    +.........             (no amulet)
HPRegen  0.14/turn              l - ring of the Scavenger {rPois MR+ Dex+5}
MPRegen  0.13/turn              (no ring)

@: brilliant
A: negative energy resistance 1, electricity resistance, unbreathing,
petrification resistance, rot immunity, AC +4
a: Renounce Religion


You were on level 5 of the Dungeon.
You worshipped Vehumet.
Vehumet was pleased with you.
You were not hungry.

You visited 1 branch of the dungeon, and saw 5 of its levels.

You collected 260 gold pieces.

Inventory:

Hand Weapons
 a - a +0 flail (weapon)
Missiles
 f - 258 stones (quivered)
Armour
 b - +1 steam dragon scales
 i - a scarf of cloud immunity (worn)
 m - a scarf of stasis
 u - a +3 leather armour (worn)
Jewellery
 l - the ring of the Scavenger (left hand) {rPois MR+ Dex+5}
   (You found it on level 5 of the Dungeon)

   [ring of poison resistance]

   It affects your dexterity (+5).
   It protects you from poison.
   It affects your resistance to hostile enchantments.
Scrolls
 d - a scroll of immolation
 h - 4 scrolls of remove curse
 n - a scroll of magic mapping
 o - 2 scrolls of fog
 s - a scroll of teleportation
Potions
 c - a potion of haste
 j - a potion of mutation
 k - 2 potions of flight
 r - a potion of invisibility {unknown}
 t - a potion of lignification {unknown}
 v - a potion of agility {unknown}
Comestibles
 e - 4 rations {!d}
 p - 7 chunks of flesh


   Skills:
 + Level 3.9 Fighting
 + Level 4.2 Maces & Flails
 + Level 3.1 Dodging
 + Level 0.7 Stealth
 + Level 4.3 Spellcasting
 * Level 2.3 Conjurations
 * Level 2.0 Fire Magic
 + Level 4.0 Earth Magic


You had 11 spell levels left.
You knew the following spells:

 Your Spells              Type           Power        Failure   Level  Hunger
a - Magic Dart            Conj           ####         1%          1    None
b - Sandblast             Erth           ####..       1%          1    None
c - Flame Tongue          Conj/Fire      ####.        1%          1    None

Your spell library contained the following spells:

 Spells                   Type           Power        Failure   Level  Hunger
 Conjure Flame            Conj/Fire      ####....     1%          3    ###....
 Mephitic Cloud           Conj/Pois/Air  ###.....     1%          3    ###....
 Blink                    Tloc           N/A          2%          2    #......
 Call Imp                 Summ           ###...       2%          2    #......
 Spider Form              Tmut/Pois      ###          5%          3    ###....
 Iskenderun's Battlesphe  Conj/Chrm      ###.....     7%          5    ######.


Dungeon Overview and Level Annotations

Branches:
Dungeon (5/12)
 Temple: D:4-7

Altars:
Kikubaaqudgha
Ru


Innate Abilities, Weirdness & Mutations

You are resistant to torment.
Your stone body is resilient. (AC +4)
You are immune to poison.
You resist negative energy. (rN+)
You are resistant to electric shocks. (rElec)
You can survive without breathing.
You are immune to petrification.
You are immune to rotting.


Message History

You hit the hell rat but do no damage. The hell rat closely misses you.
You closely miss the hell rat. The hell rat barely misses you.
The rat twitches its whiskers.
The hell rat bites you!
You hit the hell rat but do no damage. The hell rat closely misses you.
You closely miss the hell rat. The hell rat barely misses you. x2
You barely miss the hell rat.
The river rat twitches its whiskers.
The hell rat misses you.
You completely miss the hell rat. The hell rat bites you!
* * * LOW HITPOINT WARNING * * *
You feel better. The hell rat bites you.
* * * LOW HITPOINT WARNING * * *
The hell rat bites you!
* * * LOW HITPOINT WARNING * * *
The river rat twitches its whiskers.
It was a potion of brilliance.
You feel clever all of a sudden. The hell rat bites you!
You die...

###.#.÷.#.####..#
##..#.###.#.÷.####
##.############.##
###.##r.....######.#
##..##[..r#....##..##
#.####...rr#..##.###
##.## #.r..†..##.##
#.#.#######r#.#.##.#
####.@##r.r#...##.##
###rrrrrr.###..####
###########..#...
#.###÷## #.###.##
#.....## #####.##
#.## #.##


You could see a hell rat, 3 river rats and 2 rats.

Vanquished Creatures
  A sky beast (D:4)
  An ogre (D:4)
  2 scorpions (D:4)
  2 crimson imps
  2 hounds
  Terence (D:2)
  A worker ant (D:5)
  A hound skeleton (D:2)
  A worker ant zombie (D:4)
  7 adders
  A river rat (D:5)
  An ooze (D:5)
  5 worms
  6 dart slugs
  3 leopard geckos
  6 orcs
  2 giant cockroaches
  8 goblins
  6 hobgoblins
  2 quokkas (D:3)
  4 bats
  3 frilled lizards
  9 kobolds
  A leopard gecko skeleton (D:4)
  15 rats
91 creatures vanquished.

Notes
Turn   | Place    | Note
-------+----------+-------------------------------------------
     0 | D:1      | funkygono the Gargoyle Reaver began the quest for the Orb.
     0 | D:1      | Reached XP level 1. HP: 14/14 MP: 3/3
   271 | D:1      | Reached XP level 2. HP: 19/19 MP: 5/5
   592 | D:1      | Reached XP level 3. HP: 22/23 MP: 6/6
   669 | D:1      | Reached * piety under Vehumet
   669 | D:1      | Offered knowledge of Sandblast by Vehumet.
   673 | D:1      | Learned a level 1 spell: Sandblast
  1428 | D:2      | Noticed Terence
  1439 | D:2      | Killed Terence
  1439 | D:2      | Reached skill level 1 in Earth Magic
  1439 | D:2      | Reached XP level 4. HP: 27/29 MP: 3/7
  1804 | D:3      | Found an ancient bone altar of Kikubaaqudgha.
  1804 | D:3      | Found a sacrificial altar of Ru.
  1884 | D:3      | Reached XP level 5. HP: 33/33 MP: 1/9
  2516 | D:3      | Reached ** piety under Vehumet
  2722 | D:4      | Noticed a sky beast
  2736 | D:4      | Killed a sky beast
  2736 | D:4      | Offered knowledge of Flame Tongue by Vehumet.
  2736 | D:4      | Reached XP level 6. HP: 25/38 MP: 6/11
  2739 | D:4      | Learned a level 1 spell: Flame Tongue
  2741 | D:4      | Learned a level 1 spell: Magic Dart
  3155 | D:4      | Reached XP level 7. HP: 38/42 MP: 3/13
  3530 | D:4      | Reached skill level 1 in Conjurations
  3667 | D:4      | Reached skill level 1 in Fire Magic
  3738 | D:5      | Entered Level 5 of the Dungeon
  4159 | D:5      | Got a brightly glowing golden ring
  4160 | D:5      | Identified the ring of the Scavenger {rPois MR+ Dex+5} (You
                  | found it on level 5 of the Dungeon)
  4266 | D:5      | Found the +2 ratskin cloak {+Rats rN+}
  4290 | D:5      | Mangled by a hell rat

Skill      XL: |  1  2  3  4  5  6  7 |
---------------+----------------------+-----
Earth Magic    | 1 2 3 4 |  4.0
Maces & Flails | 4 |  4.2
Spellcasting   | 3 4 |  4.3
Dodging        | 3 |  3.1
Conjurations   | 2 |  2.3
Fire Magic     | 2 |  2.0
Fighting       | |  3.9
Stealth        | |  0.7

Action                   |  1- 3 |  4- 6 |  7- 9 || total
-------------------------+-------+-------+-------++-------
Melee: Flail             |    90 |    48 |    25 ||   163
 Cast: Sandblast         |    26 |    59 |    12 ||    97
       Flame Tongue      |       |    19 |    33 ||    52
       Magic Dart        |       |    12 |    44 ||    56
  Use: Scroll            |     4 |     3 |     2 ||     9
       Potion            |       |       |     2 ||     2
  Eat: Chunk             |     2 |     3 |       ||     5
       Ration            |       |     1 |     1 ||     2
Armor: Steam dragon scal |    44 |    39 |     5 ||    88
       Leather armour    |       |       |    13 ||    13
Dodge: Dodged            |    64 |    50 |    27 ||   141
